 Dungeon Crawl Stone Soup version 0.26.1-2-gb8aa6d0cf2 (webtiles) character file.

Game seed: 3973334012975607616

7403 promet the Spear-Bearer (level 11, -2/78 HPs)
             Began as a Merfolk Ice Elementalist on Mar 10, 2021.
             Was a Priest of Dithmenos.
             Killed from afar by an efreet (36 damage)
             ... with a bolt of fire
             ... on level 11 of the Dungeon.
             The game lasted 01:35:07 (12829 turns).

promet the Spear-Bearer (Merfolk Ice Elementalist) Turns: 12829, Time: 01:35:08

Health: -2/78      AC:  9    Str: 12    XL:     11   Next: 14%
Magic:  23/23      EV: 15    Int: 16    God:    Dithmenos [***...]
Gold:   89         SH:  0    Dex: 15    Spells: 14/27 levels left

rFire    . . .     SeeInvis .   a - +6 trident (venom)
rCold    + . .     Faith    .   (no shield)
rNeg     . . .     Spirit   .   w - +3 leather armour {rC+}
rPois    .         Reflect  .   (no helmet)
rElec    .         Harm     .   y - +1 cloak
rCorr    .         Rampage  .   (no gloves)
Will     +....     Clarity  +   p - +0 pair of boots
Stlth    ++++......             D - amulet of magic regeneration
HPRegen  0.63/turn              j - ring of willpower
MPRegen  0.43/turn              (no ring)

@: lethally poisoned (-2 -> -2), about to teleport, wreathed by umbra
A: change form in water, swift swim, stealthy swim, blurry vision 1, clarity,
regeneration 1, strong 1
a: Renounce Religion, Shadow Step


You were on level 11 of the Dungeon.
You worshipped Dithmenos.
Dithmenos was most pleased with you.
You visited 1 branch of the dungeon, and saw 11 of its levels.

You collected 544 gold pieces.
You spent 455 gold pieces at shops.

Inventory:

Hand Weapons
 a - a +6 trident of venom (weapon)
 b - the +10 hunting sling "Newt's Peril" {venom, rElec rF+ Int+2}
   (You found it on level 10 of the Dungeon)

   It poisons the ammo it fires.
   It affects your intelligence (+2).
   It protects you from fire.
   It insulates you from electricity.
 i - a +1 dagger of venom
 k - a +0 short sword
 C - a +0 battleaxe
 H - a +2 vampiric whip
 K - a +4 hand axe
 M - a +2 great sword of freezing
Missiles
 c - 18 boomerangs
 d - 145 bolts
 e - 31 poisoned darts (quivered)
 f - 127 arrows
 t - 4 javelins
 F - 183 stones
 L - 2 throwing nets
Armour
 h - a +1 robe
 o - a +1 robe of willpower
 p - a +0 pair of boots (worn)
 w - a +3 leather armour of cold resistance (worn)
 y - a +1 cloak (worn)
 z - a cursed +0 helmet
Jewellery
 j - a ring of willpower (left hand)
 s - an uncursed amulet of guardian spirit
 A - an uncursed ring of stealth {unknown}
 D - an amulet of magic regeneration (around neck)
Wands
 r - a wand of iceblast (7)
 B - a wand of disintegration (41)
 G - a wand of acid (8)
 J - a wand of random effects (11)
Scrolls
 g - 7 scrolls of identify
 m - 2 scrolls of fog
 n - 5 scrolls of teleportation
 u - a scroll of remove curse
 x - 3 scrolls of blinking
Potions
 l - a potion of lignification
 q - 3 potions of curing
 v - 2 potions of heal wounds
 E - 4 potions of cancellation
 I - a potion of flight {unknown}


   Skills:
 + Level 4.5 Fighting
 + Level 1.1 Short Blades
 + Level 0.7(3.6) Axes
 + Level 10.0(10.1) Polearms
 + Level 1.9(3.3) Slings
 + Level 5.2(5.5) Throwing
 + Level 2.8 Armour
 + Level 6.3 Dodging
 + Level 4.7 Stealth
 * Level 8.8 Spellcasting
 + Level 0.4 Conjurations
 + Level 8.1 Ice Magic
 + Level 0.3 Air Magic


You had 14 spell levels left.
You knew the following spells:

 Your Spells              Type           Power        Failure   Level
a - Freeze                Ice            100%         1%          1
b - Frozen Ramparts       Ice            66%          1%          3
c - Ozocubu's Armour      Ice            33%          1%          3
d - Magic Dart            Conj           32%          11%         1
e - Blink                 Tloc           N/A          21%         2
f - Shock                 Conj/Air       32%          11%         1
g - Swiftness             Air            8%           17%         2

Your spell library contained the following spells:

 Spells                   Type           Power        Failure   Level
 Animate Skeleton         Necr           14%          13%         1
 Apportation              Tloc           14%          13%         1
 Beastly Appendage        Tmut           14%          13%         1
 Corona                   Hex            7%           13%         1
 Summon Small Mammal      Summ           28%          13%         1
 Call Imp                 Summ           7%           21%         2
 Slow                     Hex            7%           21%         2
 Wereblood                Tmut           7%           21%         2
 Hailstorm                Conj/Ice       20%          22%         4
 Ice Form                 Ice/Tmut       20%          24%         4
 Summon Ice Beast         Ice/Summ       20%          24%         4
 Static Discharge         Conj/Air       8%           32%         3
 Conjure Flame            Conj/Fire      7%           34%         3
 Mephitic Cloud           Conj/Pois/Air  7%           34%         3
 Spider Form              Tmut/Pois      3%           36%         3
 Airstrike                Air            4%           73%         4
 Iskenderun's Battlesphe  Conj           8%           97%         5
 Lightning Bolt           Conj/Air       4%           97%         5
 Blade Hands              Tmut           3%           98%         5
 Bolt of Magma            Conj/Fire/Erth 3%           98%         5
 Iron Shot                Conj/Erth      3%           100%        6
 Orb of Destruction       Conj           4%           100%        7
 Spellforged Servitor     Conj/Summ      3%           100%        7


Dungeon Overview and Level Annotations

Branches:
Dungeon (11/15)            Temple (0/1) D:7            Lair (0/6) D:11
    Orc (0/2) D:10

Altars:
Ashenzari
Cheibriados
Dithmenos
Elyvilon
Fedhas
Hepliaklqana
Kikubaaqudgha
Makhleb
Nemelex Xobeh
Okawaru
Qazlal
Ru
Sif Muna
Trog
Uskayaw
Vehumet
Xom
Zin
The Shining One

Shops:
D:7 }   D:8 :   D:9 }


Innate Abilities, Weirdness & Mutations

You revert to your normal form in water.
You are very nimble and swift while swimming.
You are very stealthy in the water. (Stealth+)
Scrolls take you a little longer to read.
You possess an exceptional clarity of mind.
Your natural rate of healing is unusually fast.
Your muscles are strong. (Str +2)


Message History

The worker ant closely misses you. The ice beast closely misses you.
Your life force feels restored.
Really read with blurry vision while enemies are nearby? [Y]es or [N]o only, please.
Really read with blurry vision while enemies are nearby?
You feel sick. The worker ant barely misses you.
You begin reading the scroll.
You continue reading the scroll.
The worker ant bites you but does no damage.
The ice beast hits you. The ice beast freezes you. You resist.
As you read the scroll of teleportation, it crumbles to dust.
You feel strangely unstable.
You feel much better.
The efreet hits you with a +2 scimitar of flaming!
The efreet burns you. The worker ant misses you.
The ice beast barely misses you.
You feel sick. The worker ant closely misses you.
The worker ant barely misses you. The efreet gestures at you.
The bolt of fire hits you!!!
You die...

####.. ##....
##....# ##..##.
##..!..# ##..#### ##
##.....# ##..## #
#.. ##......####..##
#
....##............##
....°...B).......##
.....°.Y........##
>.....○R@......##
#.............##
########...>...#
###.....# #####..#
##.# #.


You could see an efreet, an ice beast and a worker ant.

Vanquished Creatures
  A manticore (D:11)
  2 trolls (D:11)
  2 hornets
  7 yaks
  Eustachio (D:4)
  3 black bears
  3 sky beasts
  2 eyes of draining
  3 ice beasts
  A necrophage (D:10)
  An orc warrior (D:9)
  A phantom (D:6)
  7 ogres
  A wolf (D:9)
  A centaur (D:5)
  4 bullfrogs
  3 gnoll sergeants
  A jelly (D:8)
  4 scorpions
  12 killer bees
  4 howler monkeys
  5 wights (D:11)
  A crimson imp (D:9)
  3 bullfrog zombies
  A centaur zombie (D:8)
  2 quasits
  5 orc priests
  Crazy Yiuf (D:5)
  A centaur skeleton (D:6)
  2 gnoll shamans (D:9)
  A bullfrog skeleton (D:4)
  4 hounds
  5 orc wizards
  Jessica (D:3)
  2 iguanas
  8 worker ants
  A mummy (D:9)
  A hound skeleton (D:4)
  A howler monkey zombie (D:10)
  2 worker ant zombies
  13 gnolls
  13 adders
  2 shadow imps
  2 white imps
  3 ufetubi
  An ooze (D:4)
  An adder skeleton (D:10)
  3 worms (D:2)
  6 leopard geckos
  23 orcs
  2 ball pythons
  4 bats
  A giant cockroach (D:8)
  8 goblins
  8 hobgoblins
  5 jackals
  7 kobolds
  6 quokkas
  2 frilled lizards
  2 giant cockroach zombies (D:5)
  A leopard gecko skeleton (D:4)
  A quokka skeleton (D:3)
  14 rats
239 creatures vanquished.

Notes
Turn   | Place    | Note
-------+----------+-------------------------------------------
     0 | D:1      | promet the Merfolk Ice Elementalist began the quest for the
                  | Orb.
     0 | D:1      | Reached XP level 1. HP: 13/13 MP: 3/3
     3 | D:1      | Noticed an electric eel
   246 | D:1      | Reached XP level 2. HP: 14/19 MP: 5/5
   629 | D:1      | Reached skill level 5 in Ice Magic
   985 | D:1      | Reached XP level 3. HP: 24/24 MP: 3/6
  1883 | D:2      | Found a faded altar of an unknown god.
  1996 | D:2      | Found a sacrificial altar of Ru.
  2309 | D:2      | Reached XP level 4. HP: 19/30 MP: 2/8
  2958 | D:3      | Noticed Jessica
  2962 | D:3      | Killed Jessica
  3496 | D:3      | Found a broken altar of Ashenzari.
  3748 | D:3      | Reached skill level 1 in Short Blades
  3748 | D:3      | Reached XP level 5. HP: 22/36 MP: 8/10
  3996 | D:3      | Reached skill level 1 in Throwing
  4394 | D:3      | Gained mutation: You are occasionally teleported next to
                  | monsters. [potion of mutation]
  4394 | D:3      | Gained mutation: Scrolls take you a little longer to read.
                  | [potion of mutation]
  4394 | D:3      | Gained mutation: Your spells are a little easier to cast,
                  | but a little less powerful. [potion of mutation]
  4394 | D:3      | Gained mutation: Your natural rate of healing is unusually
                  | fast. [potion of mutation]
  4414 | D:3      | Learned a level 3 spell: Frozen Ramparts
  4418 | D:3      | Learned a level 3 spell: Ozocubu's Armour
  4555 | D:4      | Found a shadowy altar of Dithmenos.
  4575 | D:4      | Became a worshipper of Dithmenos the Shadowed
  4878 | D:4      | Noticed Eustachio
  4898 | D:4      | Killed Eustachio
  4899 | D:4      | Reached skill level 1 in Polearms
  4899 | D:4      | Reached XP level 6. HP: 35/42 MP: 1/12
  5033 | D:4      | Found a stormy altar of Qazlal.
  5042 | D:4      | Found a shimmering blue altar of Sif Muna.
  5042 | D:4      | Found a glowing silver altar of Zin.
  5043 | D:4      | Found a glowing golden altar of the Shining One.
  5045 | D:4      | Found an ancient bone altar of Kikubaaqudgha.
  5051 | D:4      | Reached skill level 1 in Fighting
  5060 | D:4      | Found a blossoming altar of Fedhas.
  5177 | D:4      | Reached skill level 2 in Polearms
  5177 | D:4      | Reached XP level 7. HP: 48/48 MP: 6/13
  5685 | D:5      | Entered Level 5 of the Dungeon
  5948 | D:5      | Reached skill level 3 in Polearms
  6054 | D:5      | Found a runed translucent door.
  6055 | D:5      | Noticed Crazy Yiuf
  6118 | D:5      | Reached skill level 5 in Spellcasting
  6292 | D:5      | Found a hazy altar of Hepliaklqana.
  6294 | D:5      | Found a shimmering altar of Xom.
  6295 | D:5      | Noticed a spectral ugly thing
  6563 | D:5      | Killed Crazy Yiuf
  6695 | D:6      | Noticed a moth of wrath
  6698 | D:6      | Found a bloodstained altar of Trog.
  6755 | D:6      | Reached * piety under Dithmenos
  6756 | D:6      | Reached XP level 8. HP: 55/55 MP: 11/15
  6757 | D:6      | Reached skill level 4 in Polearms
  6887 | D:6      | Reached skill level 1 in Armour
  6997 | D:6      | Reached skill level 5 in Polearms
  7007 | D:6      | Found a sacrificial altar of Ru.
  7374 | D:6      | Found a sparkling altar of Nemelex Xobeh.
  7394 | D:6      | Found an iron altar of Okawaru.
  7394 | D:6      | Found a hide-covered altar of Uskayaw.
  7785 | D:7      | Found a white marble altar of Elyvilon.
  8010 | D:7      | Reached skill level 6 in Polearms
  8098 | D:7      | Found Xocounwi's Gadget Emporium.
  8245 | D:7      | Lost mutation: You are occasionally teleported next to
                  | monsters. [potion of mutation]
  8245 | D:7      | Lost mutation: Your spells are a little easier to cast, but
                  | a little less powerful. [potion of mutation]
  8245 | D:7      | Gained mutation: You possess an exceptional clarity of
                  | mind. [potion of mutation]
  8245 | D:7      | Gained mutation: Your muscles are strong. (Str +2) [potion
                  | of mutation]
  8296 | D:7      | Learned a level 1 spell: Magic Dart
  8299 | D:7      | Learned a level 2 spell: Blink
  8403 | D:7      | Found a staircase to the Ecumenical Temple.
  8572 | D:8      | Noticed a hornet
  8583 | D:8      | Killed a hornet
  8584 | D:8      | Reached XP level 9. HP: 47/62 MP: 11/18
  8694 | D:8      | Reached ** piety under Dithmenos
  9499 | D:8      | Reached skill level 7 in Polearms
  9545 | D:8      | Found Huzo's Book Boutique.
  9551 | D:8      | Bought a book of Air for 455 gold pieces
  9553 | D:8      | Learned a level 1 spell: Shock
  9639 | D:8      | Found a stormy altar of Qazlal.
 10420 | D:8      | Reached skill level 8 in Polearms
 10452 | D:9      | Reached XP level 10. HP: 65/70 MP: 18/21
 10550 | D:9      | Reached skill level 5 in Dodging
 10619 | D:9      | Found a radiant altar of Vehumet.
 10619 | D:9      | Found a burning altar of Makhleb.
 10818 | D:9      | Found a snail-covered altar of Cheibriados.
 10933 | D:9      | You fall into a shaft and drop 1 floor!
 10933 | D:10     | Entered Level 10 of the Dungeon
 10983 | D:10     | Found a staircase to the Orcish Mines.
 11205 | D:9      | Reached skill level 9 in Polearms
 11217 | D:9      | Reached *** piety under Dithmenos
 11723 | D:9      | Found Xuzastrio's Gadget Shop.
 12187 | D:10     | Reached skill level 5 in Throwing
 12217 | D:10     | Got a transparent hunting sling
 12218 | D:10     | Identified the +10 hunting sling "Newt's Peril" {venom,
                  | rElec rF+ Int+2} (You found it on level 10 of the Dungeon)
 12442 | D:11     | Learned a level 2 spell: Swiftness
 12510 | D:11     | Reached XP level 11. HP: 59/77 MP: 20/23
 12573 | D:11     | Noticed a manticore
 12592 | D:11     | Killed a manticore
 12593 | D:11     | Reached skill level 10 in Polearms
 12593 | D:11     | Reached skill level 1 in Slings
 12779 | D:11     | Found a staircase to the Lair.
 12829 | D:11     | Killed from afar by an efreet

Illustrated notes

Levels and vault maps discovered:
D:1:      arrival_aquarium_b, layout_loops_ring
D:2:      layout_loops_corners, chequers_ecumenical_altar_island,
          nicolae_ru_awakened_eye
D:3:      layout_rooms, ashenzari_conservatory_becter, uniq_jessica
D:4:      layout_loops_corners, minitemple, grunt_dithmenos_smoke,
          uniq_eustachio
D:5:      layout_loops_ring, regret_index_temple_of_mockery,
          uniq_crazy_yiuf_cottage
D:6:      layout_basic, tgw_trog, lemuel_doored_altar,
          gammafunk_temple_overflow_elements, hangedman_abyss_or_decor_passed,
          nemelex_lonely_heart_becter
D:7:      layout_rooms, minmay_temple_entry_enclosed_plants, serial_shops, shop,
          elyvilon_altar_5
D:8:      layout_gridville, serial_shops, nicolae_shop_behind_doors, basic_altar
D:9:      layout_cave_pools, grunt_temple_overflow_lords_of_destruction,
          slow_altar_2, serial_shops, shop, serial_gnoll_camp,
          gnoll_camp_mini_sergeant, gnoll_camp_mini_hut, gnoll_camp_mini_basic,
          gnoll_camp_mini_basic
D:10:     layout_rooms, orc_0_dummy
D:11:     layout_layer_cave, lair_entry_dummy, kennysheep_generic_room_14,
          uniq_sonja

Skill      XL: |  1  2  3  4  5  6  7  8  9 10 11 |
---------------+----------------------------------+-----
Ice Magic      | 5 6 7 8 |  8.1
Dodging        | 3 4 6 |  6.3
Spellcasting   | 3 4 5 6 7 8 |  8.8
Short Blades   | 1 |  1.1
Throwing       | 1 2 3 4 5 |  5.2
Polearms       | 1 2 3 6 8 9 10 | 10.0
Fighting       | 1 2 3 4 |  4.5
Stealth        | 3 4 |  4.7
Armour         | 1 2 |  2.8
Slings         | 1 |  1.9
Axes           | |  0.7
Conjurations   | |  0.4
Air Magic      | |  0.3

Action                   |  1- 3 |  4- 6 |  7- 9 | 10-12 || total
-------------------------+-------+-------+-------+-------++-------
Melee: Mace              |    53 |       |       |       ||    53
       Short sword       |    43 |    34 |       |       ||    77
       Trident           |       |    38 |   250 |   220 ||   508
       Battleaxe         |       |       |    12 |       ||    12
 Fire: Hunting sling     |       |       |     1 |    20 ||    21
Throw: Boomerang         |    18 |     1 |       |       ||    19
       Dart              |       |    30 |    61 |    48 ||   139
 Cast: Freeze            |    20 |    26 |    16 |     2 ||    64
       Frozen Ramparts   |       |     5 |    28 |    28 ||    61
       Ozocubu's Armour  |       |     1 |     3 |     2 ||     6
       Magic Dart        |       |       |     1 |       ||     1
       Shock             |       |       |    10 |    16 ||    26
Evoke: Wand              |       |       |       |     1 ||     1
  Use: Scroll            |     4 |     2 |    11 |     3 ||    20
       Potion            |     4 |     4 |     4 |     5 ||    17
 Stab: Sleeping          |     4 |     2 |     4 |     1 ||    11
       Distracted        |       |       |     1 |     1 ||     2
Armor: Robe              |    20 |    19 |       |       ||    39
       Leather armour    |       |     1 |    80 |    70 ||   151
Dodge: Dodged            |    87 |    82 |   222 |   272 ||   663
